ORI
FLORIDA STATE UNIVERSITY SEMINOLES @ UNIVERSITY OF ALABAMA CRIMSON TIDE
12/06/2046
 
TOP OF THE 1ST
Florida State University Seminoles batting - Pitching for University of Alabama Crimson Tide : LHP Alan Sullivan
Pitching: LHP Alan Sullivan
Batting: RHB Larry Berge 0-0: Ball
1-0: Ball
2-0: Foul Ball, location: 2F
2-1: Swinging Strike
2-2: Ball
3-2: Strikes out swinging
Batting: RHB Ray Johnson 0-0: Ball
1-0: Foul Ball, location: 2F
1-1: Called Strike
1-2: Strikes out swinging
Batting: LHB Ethan Ware 0-0: Ball
1-0: SINGLE (Line Drive, 56, EV 103.1 MPH)
Batting: RHB Terry Cisneros 0-0: Called Strike
0-1: Ground out 4-3 (Groundball, 4MS, EV 91.9 MPH)
Top of the 1st over - 0 runs, 1 hit, 0 errors, 1 left on base; Florida State University 0 - University of Alabama 0
BOTTOM OF THE 1ST
University of Alabama Crimson Tide batting - Pitching for Florida State University Seminoles : RHP John Scott
Pitching: RHP John Scott
Batting: LHB Joe Blackwood 0-0: Fly out, F8 (Line Drive, 8LM, EV 100.6 MPH)
Batting: LHB Robby Ramires 0-0: Ball
1-0: Foul Ball, location: 2F
1-1: Ball
2-1: Ground out 6-3 (Groundball, 6, EV 89.4 MPH)
Batting: LHB Danny Schultz 0-0: Called Strike
0-1: Ball
1-1: Called Strike
1-2: Fly out, F9 (Flyball, 89M, EV 83.8 MPH)
Bottom of the 1st over - 0 runs, 0 hits, 0 errors, 0 left on base; Florida State University 0 - University of Alabama 0
TOP OF THE 2ND
Florida State University Seminoles batting - Pitching for University of Alabama Crimson Tide : LHP Alan Sullivan
Batting: RHB Butch Huskey 0-0: Foul Ball, location: 2F
0-1: Swinging Strike
0-2: Foul Ball, location: 2F
0-2: Strikes out swinging
Batting: RHB Jonathan Bruni 0-0: Ball
1-0: Ball
2-0: Foul Ball, location: 2F
2-1: Fly out, F9 (Line Drive, 89S, EV 88.8 MPH)
Batting: RHB Emilio Guerra 0-0: Called Strike
0-1: Called Strike
0-2: SINGLE (Groundball, 6MD, EV 100.0 MPH)
Batting: LHB John Doiron 0-0: Ball
1-0: Ball
Emilio Guerra steals 2nd base
2-0: Ball
3-0: Called Strike
3-1: Foul Ball, location: 2F
3-2: Strikes out swinging
Top of the 2nd over - 0 runs, 1 hit, 0 errors, 1 left on base; Florida State University 0 - University of Alabama 0
BOTTOM OF THE 2ND
University of Alabama Crimson Tide batting - Pitching for Florida State University Seminoles : RHP John Scott
Batting: RHB Gustavo Delgado 0-0: Foul Ball, location: 2F
0-1: Swinging Strike
0-2: Ball
1-2: Foul Ball, location: 2F
1-2: Strikes out swinging
Batting: LHB Matt Barkley 0-0: Foul Ball, location: 2F
0-1: Ball
1-1: Called Strike
1-2: Foul Ball, location: 2F
1-2: Foul Ball, location: 2F
1-2: Foul Ball, location: 2F
1-2: Foul Ball, location: 2F
1-2: Foul Ball, location: 2F
1-2: Foul Ball, location: 2F
1-2: Foul Ball, location: 2F
1-2: Fly out, F9 (Flyball, 89M, EV 90.6 MPH)
Batting: RHB Hughie Withers 0-0: Ball
1-0: Called Strike
1-1: Ground out 5-3 (Groundball, 5, EV 85.0 MPH)
Bottom of the 2nd over - 0 runs, 0 hits, 0 errors, 0 left on base; Florida State University 0 - University of Alabama 0
TOP OF THE 3RD
Florida State University Seminoles batting - Pitching for University of Alabama Crimson Tide : LHP Alan Sullivan
Batting: RHB George Smienk 0-0: Foul Ball, location: 2F
0-1: Ball
1-1: Foul Ball, location: 2F
1-2: Foul Ball, location: 2F
1-2: Ball
2-2: Fly out, F9 (Line Drive, 9, EV 93.8 MPH)
Batting: RHB Larry Berge 0-0: Foul Ball, location: 2F
0-1: Swinging Strike
0-2: Ball
1-2: Strikes out swinging
Batting: RHB Ray Johnson 0-0: Called Strike
0-1: Ball
1-1: Foul Ball, location: 2F
1-2: Foul Ball, location: 2F
1-2: Strikes out swinging
Top of the 3rd over - 0 runs, 0 hits, 0 errors, 0 left on base; Florida State University 0 - University of Alabama 0
BOTTOM OF THE 3RD
University of Alabama Crimson Tide batting - Pitching for Florida State University Seminoles : RHP John Scott
Batting: LHB Platon Protopsaltis 0-0: Called Strike
0-1: Swinging Strike
0-2: Strikes out swinging
Batting: RHB Fernando Reyes 0-0: Ball
1-0: Ball
2-0: Called Strike
2-1: Foul Ball, location: 2F
2-2: Fly out, F7 (Flyball, 78S, EV 88.1 MPH)
Batting: RHB Eric Kilmer 0-0: Ball
1-0: Called Strike
1-1: Ball
2-1: Foul Ball, location: 2F
2-2: Foul Ball, location: 2F
2-2: Foul Ball, location: 2F
2-2: Fly out, F7 (Flyball, 7S, EV 85.6 MPH)
Bottom of the 3rd over - 0 runs, 0 hits, 0 errors, 0 left on base; Florida State University 0 - University of Alabama 0
TOP OF THE 4TH
Florida State University Seminoles batting - Pitching for University of Alabama Crimson Tide : LHP Alan Sullivan
Batting: LHB Ethan Ware 0-0: Fly out, F9 (Line Drive, 89S, EV 98.8 MPH)
Batting: RHB Terry Cisneros 0-0: Ball
1-0: Ball
2-0: Foul Ball, location: 2F
2-1: Called Strike
2-2: Ball
3-2: Base on Balls
Batting: RHB Butch Huskey 0-0: Ball
1-0: Ball
2-0: Fly out, F7 (Flyball, 78M, EV 86.2 MPH)
Batting: RHB Jonathan Bruni 0-0: Called Strike
0-1: Ball
1-1: Ball
2-1: Fly out, F9 (Line Drive, 9LS, EV 94.4 MPH)
Top of the 4th over - 0 runs, 0 hits, 0 errors, 1 left on base; Florida State University 0 - University of Alabama 0
BOTTOM OF THE 4TH
University of Alabama Crimson Tide batting - Pitching for Florida State University Seminoles : RHP John Scott
Batting: LHB Joe Blackwood 0-0: Fly out, F5 (Popup, 5SF, EV 66.2 MPH)
Batting: LHB Robby Ramires 0-0: Ball
1-0: SINGLE (Line Drive, 4MD, EV 95.0 MPH)
Batting: LHB Danny Schultz 0-0: Fielders Choice at 2nd, 6-4 (Groundball, 6, EV 90.6 MPH)
Batting: RHB Gustavo Delgado 0-0: Ball
Danny Schultz steals 2nd base
1-0: Called Strike
1-1: Fly out, F8 (Flyball, 8LXD, EV 103.1 MPH)
Bottom of the 4th over - 0 runs, 1 hit, 0 errors, 1 left on base; Florida State University 0 - University of Alabama 0
TOP OF THE 5TH
Florida State University Seminoles batting - Pitching for University of Alabama Crimson Tide : LHP Alan Sullivan
Batting: RHB Emilio Guerra 0-0: Ball
1-0: Called Strike
1-1: Ball
2-1: SINGLE (Groundball, 4M, EV 90.0 MPH) (infield hit)
Batting: LHB John Doiron 0-0: Ball
1-0: Called Strike
1-1: Called Strike
1-2: Strikes out swinging
Batting: RHB George Smienk 0-0: Foul Ball, location: 2F
0-1: Ball
1-1: Ball
2-1: Ball
3-1: Base on Balls
Emilio Guerra to second
Batting: RHB Larry Berge 0-0: Called Strike
0-1: Ball
1-1: Foul Ball, location: 2F
1-2: Foul Ball, location: 2F
1-2: Foul Ball, location: 2F
1-2: Fielders Choice at 2nd, 3-6 (Groundball, 34, EV 108.8 MPH)
Emilio Guerra to third
Pitching: RHP Matilde Tudela
Pinch Hitting: RHB Bart Hall 0-0: Foul Ball, location: 2F
0-1: Ball
1-1: Called Strike
Larry Berge is caught stealing 2nd base 2-4
Top of the 5th over - 0 runs, 1 hit, 0 errors, 1 left on base; Florida State University 0 - University of Alabama 0
BOTTOM OF THE 5TH
University of Alabama Crimson Tide batting - Pitching for Florida State University Seminoles : RHP John Scott
Now in LF: Matt Stewart
Batting: LHB Matt Barkley 0-0: Ball
1-0: Called Strike
1-1: Called Strike
1-2: Ball
2-2: Strikes out looking
Batting: RHB Hughie Withers 0-0: Foul Ball, location: 2F
0-1: Ball
1-1: Ball
2-1: Called Strike
2-2: Strikes out swinging
Batting: LHB Platon Protopsaltis 0-0: Called Strike
0-1: Foul Ball, location: 2F
0-2: Strikes out swinging
Bottom of the 5th over - 0 runs, 0 hits, 0 errors, 0 left on base; Florida State University 0 - University of Alabama 0
TOP OF THE 6TH
Florida State University Seminoles batting - Pitching for University of Alabama Crimson Tide : RHP Matilde Tudela
Batting: LHB Matt Stewart 0-0: Foul Ball, location: 2F
0-1: Ball
1-1: Ball
2-1: Swinging Strike
2-2: Strikes out swinging
Batting: LHB Ethan Ware 0-0: Ball
1-0: Ball
2-0: Ball
3-0: Base on Balls
Batting: RHB Terry Cisneros 0-0: Ball
1-0: Called Strike
1-1: SINGLE (Groundball, 34D, EV 96.9 MPH)
Ethan Ware to second
Runner from 2nd tries for 3rd, OUT! 9-5
Batting: RHB Butch Huskey 0-0: Ground out 5-3 (Groundball, 56S, EV 85.0 MPH)
Top of the 6th over - 0 runs, 1 hit, 0 errors, 1 left on base; Florida State University 0 - University of Alabama 0
BOTTOM OF THE 6TH
University of Alabama Crimson Tide batting - Pitching for Florida State University Seminoles : RHP John Scott
Batting: RHB Fernando Reyes 0-0: SINGLE (Flyball, 78S, EV 95.0 MPH)
Batting: RHB Eric Kilmer 0-0: Foul Ball, location: 2F
0-1: Foul Ball, location: 2F
0-2: Ball
1-2: Ball
2-2: Ball
3-2: Fly out, F8 (Flyball, 8LM, EV 91.2 MPH)
Batting: LHB Joe Blackwood 0-0: Called Strike
0-1: Fielders Choice at 2nd, 4-6 (Groundball, 4D, EV 104.4 MPH)
Batting: LHB Robby Ramires 0-0: Called Strike
Joe Blackwood steals 2nd base
0-1: Swinging Strike
0-2: Strikes out looking
Bottom of the 6th over - 0 runs, 1 hit, 0 errors, 1 left on base; Florida State University 0 - University of Alabama 0
TOP OF THE 7TH
Florida State University Seminoles batting - Pitching for University of Alabama Crimson Tide : RHP Matilde Tudela
Batting: RHB Jonathan Bruni 0-0: Fly out, F8 (Flyball, 8LM, EV 92.5 MPH)
Batting: RHB Emilio Guerra 0-0: Called Strike
0-1: Ball
1-1: Ball
2-1: Ball
3-1: Called Strike
3-2: Foul Ball, location: 2F
3-2: SINGLE (Line Drive, 89S, EV 109.4 MPH)
Batting: LHB John Doiron 0-0: Called Strike
Emilio Guerra steals 2nd base
0-1: Swinging Strike
0-2: Ball
1-2: Ball
2-2: Strikes out looking
Batting: RHB George Smienk 0-0: Foul Ball, location: 2F
0-1: Ball
1-1: Fly out, F7 (Flyball, 7, EV 91.9 MPH)
Top of the 7th over - 0 runs, 1 hit, 0 errors, 1 left on base; Florida State University 0 - University of Alabama 0
BOTTOM OF THE 7TH
University of Alabama Crimson Tide batting - Pitching for Florida State University Seminoles : RHP John Scott
Pitching: RHP Wade Striegel
Batting: LHB Danny Schultz 0-0: Ball
1-0: Ball
2-0: Ground out 6-3 (Groundball, 6M, EV 103.1 MPH)
Pinch Hitting: RHB Onorato Zacagnini 0-0: Ball
1-0: Ground out 6-3 (Groundball, 6, EV 100.6 MPH)
Batting: LHB Matt Barkley 0-0: Ball
1-0: Foul Ball, location: 2F
1-1: Ground out 6-3 (Groundball, 56, EV 93.8 MPH)
Bottom of the 7th over - 0 runs, 0 hits, 0 errors, 0 left on base; Florida State University 0 - University of Alabama 0
TOP OF THE 8TH
Florida State University Seminoles batting - Pitching for University of Alabama Crimson Tide : RHP Matilde Tudela
Now at 1B: Onorato Zacagnini
Batting: RHB Larry Berge 0-0: Ball
1-0: Called Strike
1-1: Foul Ball, location: 2F
1-2: Foul Ball, location: 2F
1-2: Strikes out looking
Batting: LHB Matt Stewart 0-0: Called Strike
0-1: Ball
1-1: Called Strike
1-2: Strikes out swinging
Batting: LHB Ethan Ware 0-0: Ball
1-0: Ball
2-0: SINGLE (Groundball, 3D, EV 104.4 MPH)
Pinch Hitting: SHB John Welsh 0-0: Ball
1-0: Called Strike
Ethan Ware is caught stealing 2nd base 2-6
Top of the 8th over - 0 runs, 1 hit, 0 errors, 0 left on base; Florida State University 0 - University of Alabama 0
BOTTOM OF THE 8TH
University of Alabama Crimson Tide batting - Pitching for Florida State University Seminoles : RHP Wade Striegel
Now at 1B: John Welsh
Batting: RHB Hughie Withers 0-0: Called Strike
0-1: Foul Ball, location: 2F
0-2: Strikes out swinging
Batting: LHB Platon Protopsaltis 0-0: Ball
1-0: SOLO HOME RUN (Flyball, 9D, EV 96.2 MPH), Distance : 349 ft
Batting: RHB Fernando Reyes 0-0: Swinging Strike
0-1: Foul Ball, location: 2F
0-2: Ball
1-2: Ball
2-2: Fly out, F9 (Flyball, 9S, EV 75.6 MPH)
Batting: RHB Eric Kilmer 0-0: Called Strike
0-1: Ball
1-1: Ball
2-1: Swinging Strike
2-2: Ball
3-2: SINGLE (Groundball, 56, EV 78.1 MPH) (infield hit)
Batting: LHB Joe Blackwood 0-0: Called Strike
0-1: Ball
1-1: Foul Ball, location: 2F
1-2: Strikes out swinging
Bottom of the 8th over - 1 run, 2 hits, 0 errors, 1 left on base; Florida State University 0 - University of Alabama 1
TOP OF THE 9TH
Florida State University Seminoles batting - Pitching for University of Alabama Crimson Tide : RHP Matilde Tudela
Pitching: RHP Dwayne Boivin
Batting: SHB John Welsh 0-0: Ball
1-0: Ground out 5-3 (Groundball, 5, EV 90.0 MPH)
Batting: RHB Butch Huskey 0-0: Swinging Strike
0-1: Ball
1-1: Ball
2-1: Ball
3-1: Fly out, F7 (Line Drive, 7, EV 100.0 MPH)
Batting: RHB Jonathan Bruni 0-0: Ball
1-0: Foul Ball, location: 2F
1-1: SINGLE (Line Drive, 89S, EV 91.9 MPH)
Batting: RHB Emilio Guerra 0-0: Ball
1-0: Fielders Choice at 2nd, 6-4 (Groundball, 6, EV 107.5 MPH)
Top of the 9th over - 0 runs, 1 hit, 0 errors, 1 left on base; Florida State University 0 - University of Alabama 1
Tuesday, September 13th , 2022 - OOTP Baseball 23.7 Build 88